 Dungeon Crawl Stone Soup version 0.30-a0-279-g4b46babb21 (webtiles) character file.

Game seed: 16937399367861492482

66 lunkers the Cudgeller (level 3, -3/31 HPs)
             Began as an Armataur Reaver on Oct 16, 2022.
             Slain by a goblin
             ... wielding a +0 dagger
             ... led by Robin
              (5 damage)
             ... on level 2 of the Dungeon.
             The game lasted 00:01:18 (1101 turns).

lunkers the Cudgeller (Armataur Reaver)             Turns: 1101, Time: 00:01:19

Health: -3/31      AC:  6    Str: 25    XL:     3   Next: 96%
Magic:  5/5        EV:  8    Int: 13    God:
Gold:   21         SH:  0    Dex:  8    Spells: 4/5 levels left

rFire   . . .      SeeInvis .    a - +0 mace
rCold   . . .      Faith    .    (no shield)
rNeg    . . .      Spirit   .    i - +0 ring mail
rPois   .          Reflect  .    m - +1 hat
rElec   .          Harm     .    (no cloak)
rCorr   .          Roll     +    (no gloves)
Will    +....                    (no barding)
Stlth   ..........               (no amulet)
HPRegen 0.25/turn                d - +6 ring of strength
MPRegen 0.09/turn                f - ring of willpower

@: no status effects
A: large, rugged brown scales 3, deformed body, armoured tail, roll, long
tongue, awkward tongue
a: no special abilities


You were on level 2 of the Dungeon.
You visited 1 branch of the dungeon, and saw 2 of its levels.

You collected 21 gold pieces.

Inventory:

Hand Weapons
 a - a +0 mace (weapon)
Armour
 b - a +0 leather armour
 i - a +0 ring mail (worn)
 m - a +1 hat (worn)
Jewellery
 d - a +6 ring of strength (left hand)
 f - a ring of willpower (right hand)
Scrolls
 c - 2 scrolls of identify {unknown}
 l - a scroll of poison {unknown}
 n - a scroll of magic mapping {unknown}
Potions
 e - a potion of curing {unknown}
 g - a potion of degeneration {unknown}
 h - a potion of flight {unknown}
 j - a potion of brilliance {unknown}
 k - a potion of resistance {unknown}


   Skills:
 - Level 1.7 Fighting
 + Level 4.4 Maces & Flails
 - Level 1.3 Dodging
 - Level 1.7 Spellcasting
 - Level 2.6 Conjurations


You had 4 spell levels left.
You knew the following spells:

 Your Spells              Type           Power      Damage    Failure   Level
p - Kiss of Death         Conj/Necr      16%        2d6       24%         1

Your spell library contained the following spells:

 Spells                   Type           Power      Damage    Failure   Level
 Momentum Strike          Conj/Tloc      8%         3d8       34%         2
 Hailstorm                Conj/Ice       4%         3d4       56%         3


Dungeon Overview and Level Annotations

Branches:
Dungeon (2/15)

Altars:

Annotations:
D:2 Robin


Innate Abilities, Weirdness & Mutations

You are completely covered in rugged brown scales. (AC +3, +7% HP)
Armour fits poorly on your strangely shaped body.
You have a long armoured tail.
You roll when moving toward enemies. (Rampage)
Your long tongue fully drains potion bottles. (2x potion effects)
Your tongue gives you trouble enunciating. (1.5x scroll delay)


Message History

You kill the goblin!
The adder bites you but does no damage.
Unknown command.
You barely miss the adder.
Robin roars a battlecry!
The adder barely misses you.
Unknown command.
You hit the adder.
The adder is moderately wounded.
The adder closely misses you. Robin throws the goblin at you!
* * * LOW HITPOINT WARNING * * *
The goblin hits you with a +0 dagger.
* * * LOW HITPOINT WARNING * * *
The adder barely misses you.
You sock the adder!
You kill the adder!
The goblin no longer looks unusually strong.
The goblin barely misses you.
You sock Robin!
Robin is severely wounded.
Robin throws the goblin at you! The goblin hits you but does no damage.
The goblin hits you with a +0 dagger.
* * * LOW HITPOINT WARNING * * *
You closely miss Robin.
Robin is severely wounded.
Robin roars a battlecry!
The goblin goes into a battle-frenzy!
The goblin completely misses you. The goblin misses you.
Unknown command.
You hit Robin but do no damage.
Robin is severely wounded.
Robin hits you with a +0 short sword.
* * * LOW HITPOINT WARNING * * *
The goblin hits you with a +0 dagger.
* * * LOW HITPOINT WARNING * * *
The goblin hits you but does no damage.
You barely miss Robin.
Robin is severely wounded.
Robin barely misses you. The goblin hits you with a +0 dagger.
You die...

........).........# #.### #.###
.........#........#####.# #....
..#.#....#.#..###÷......# #####
... #....#.#....#.######## .#
...........##..# ##.########
.###.#.#..#####.#####..........
. #.#.#..... #.†..............
#.#.##.##.##g######.########
#.#)#@g..# #.# # #.)g###.# #.#
##)## .# #.# #. # #.#### ..
#....# ... ####.# .... #<# #
..##. #.# # ... #. #†# #


You could see Robin and 2 goblins.

Vanquished Creatures
  An adder (D:2)
  A dart slug (D:2)
  7 ball pythons
  5 bats
  3 endoplasms
  3 giant cockroaches
  11 goblins
  4 hobgoblins
  2 quokkas (D:2)
  3 frilled lizards
  5 kobolds
  3 rats
48 creatures vanquished.

Notes
Turn   | Place    | Note
-------+----------+-------------------------------------------
     0 | D:1      | lunkers the Armataur Reaver began the quest for the Orb.
     0 | D:1      | Reached XP level 1. HP: 18/18 MP: 3/3
    89 | D:1      | Reached skill level 3 in Maces & Flails
   335 | D:1      | Reached XP level 2. HP: 22/25 MP: 4/4
   838 | D:2      | Reached XP level 3. HP: 31/31 MP: 5/5
   927 | D:2      | Reached skill level 4 in Maces & Flails
  1080 | D:2      | Noticed Robin
  1101 | D:2      | Slain by a goblin

Illustrated notes

Levels and vault maps discovered:
D:1:      wander_arrival_desolate, layout_basic
D:2:      layout_loops_ring, basic_altar, uniq_robin

Skill      XL: |  1  2  3 |
---------------+----------+-----
Maces & Flails | 3 4 |  4.4
Fighting       | |  1.7
Dodging        | |  1.3
Spellcasting   | |  1.7
Conjurations   | |  2.6

Action                   || total
-------------------------++-------
Melee: Mace              ||   136
       Tailslap          ||     7
Armor: Leather armour    ||    20
       Ring mail         ||    57
Dodge: Dodged            ||    78

Table legend: (Time is in decaauts)
 A = Elapsed time spent in this place.
 B = Non-inter-level travel time spent in this place.
 C = Inter-level travel time spent in this place.
 D = Time resting spent in this place.
 E = Time spent auto-exploring this place.
 F = Levels seen in this place.
 G = Mean time per level.
                   A        B        C        D        E       F      G
               +--------+--------+--------+--------+--------+-----+--------+
         Total |   1129 |   1085 |     44 |      0 |    798 |   2 |  564.5 |
       Dungeon |   1129 |   1085 |     44 |      0 |    798 |   2 |  564.5 |
               +--------+--------+--------+--------+--------+-----+--------+

Top non-repeatable levels by time:
     D:1: 734 daAuts
     D:2: 394 daAuts
